 Dungeon Crawl Stone Soup version 0.30.1-11-g7821555f0a (webtiles) character file.

Game seed: 14712182112458546438

2163 GimliDwarf the Destroyer (level 9, -5/48 HPs)
             Began as a Tengu Conjurer on Jan 3, 2024.
             Was a Follower of Vehumet.
             Killed from afar by Maggie (16 damage)
             ... with a bolt of fire
             ... on level 7 of the Dungeon.
             The game lasted 00:24:41 (7762 turns).

GimliDwarf the Destroyer (Tengu Conjurer)           Turns: 7762, Time: 00:24:41

Health: -5/48      AC:  4    Str:  8    XL:     9   Next: 32%
Magic:  12/19      EV: 19    Int: 21    God:    Vehumet [*.....]
Gold:   222        SH:  0    Dex: 14    Spells: 11/20 levels left

rFire   + . .        y - +3 sling
rCold   . . .        (no shield)
rNeg    . . .        a - +0 robe
rPois   .            (helmet restricted)
rElec   .            (no cloak)
rCorr   .            g - +1 pair of gloves
SInv    .            (boots unavailable)
Will    .....        (no amulet)
Stlth   ++           h - +5 ring of evasion
HPRegen 0.28/turn    r - ring of protection from fire
MPRegen 0.16/turn

%: no passive effects
@: flying quickly and evasively, quick
A: beak, talons 3, nimble flight
a: Renounce Religion


You were on level 7 of the Dungeon.
You worshipped Vehumet.
Vehumet was aware of your devotion.
You visited 2 branches of the dungeon, and saw 10 of its levels.
You also visited: Ossuary.

You collected 222 gold pieces.

Inventory:

Hand Weapons
 u - a +1 dagger of draining
 y - a +3 sling (weapon)
Missiles
 e - 9 boomerangs
Armour
 a - a +0 robe (worn)
 g - a +1 pair of gloves (worn)
Jewellery
 h - a +5 ring of evasion (left hand)
 r - a ring of protection from fire (right hand)
 t - a +6 ring of intelligence
Wands
 q - a wand of flame (30)
 v - a wand of charming (2)
Scrolls
 d - 2 scrolls of teleportation
 j - 2 scrolls of identify
 l - a scroll of amnesia
 x - a scroll of fog
Potions
 b - a potion of magic
 f - 2 potions of resistance
 i - 4 potions of might
 k - a potion of berserk rage
 m - 2 potions of lignification
 n - 5 potions of brilliance
 o - 2 potions of heal wounds
 s - 8 potions of curing
 w - 2 potions of haste
 z - a potion of mutation


   Skills:
 + Level 1.6 Fighting
 + Level 0.9 Short Blades
 * Level 6.4 Ranged Weapons
 * Level 3.8 Armour
 - Level 2.1 Dodging
 - Level 2.0 Stealth
 * Level 6.0 Spellcasting
 * Level 9.4 Conjurations
 * Level 2.8 Summonings
 + Level 3.2 Air Magic


You had 11 spell levels left.
You knew the following spells:

 Your Spells              Type           Power      Damage    Failure   Level
b - Searing Ray           Conj           92%        2d7       1%          2
c - Dazzling Flash        Conj/Hex       52%        N/A       4%          3
d - Iskenderun's Mystic   Conj/Tloc      26%        2d7       14%         4

Your spell library contained the following spells:

 Spells                   Type           Power      Damage    Failure   Level
 Shock                    Conj/Air       100%       1d9       1%          1
 Magic Dart               Conj           100%       1d8       1%          1
 Summon Small Mammal      Summ           72%        N/A       3%          1
 Call Canine Familiar     Summ           18%        N/A       9%          3
 Beastly Appendage        Tmut           12%        N/A       10%         1
 Wereblood                Tmut           6%         N/A       14%         2
 Fulminant Prism          Conj/Hex       13%        3d9       14%         4
 Summon Guardian Golem    Hex/Summ       12%        N/A       16%         3
 Spider Form              Tmut/Pois      6%         N/A       28%         3
 Petrify                  Tmut/Erth      6%         N/A       67%         4
 Metabolic Englaciation   Hex/Ice        3%         N/A       95%         5
 Statue Form              Tmut/Erth      4%         N/A       100%        6


Dungeon Overview and Level Annotations

Branches:
Dungeon (9/15)             Temple (1/1) D:5             Orc (0/2) D:9
Ossuary (visited)
   Lair: D:8-11

Altars:
Ashenzari
Cheibriados
Elyvilon
Gozag
Kikubaaqudgha
Makhleb
Nemelex Xobeh
Okawaru
Ru
Sif Muna
Uskayaw
Vehumet
Wu Jian
Xom
Yredelemnul
Zin

Annotations:
D:7 Maggie


Innate Abilities, Weirdness & Mutations

You have a beak for a mouth.
You have claws for feet.
Your magical nature lets you fly swiftly and evasively.


Message History

Unknown command.
Casting: Searing Ray (safe; 1% risk of failure)
Confirm with . or Enter, or press ? or * to list all spells.
Aiming: Searing Ray (safe; 1% risk of failure)
Press: ? - help, Shift-Dir - straight line, f - Maggie, p - orc
Aim: Maggie, wielding a +2 glaive of distortion and wearing +0 steam dragon scales (82% to hit)
The searing ray misses Maggie. (Press . to maintain the ray.)
The searing ray hits Maggie.
Maggie is lightly wounded.
The searing ray misses the orc.
Maggie casts a spell at you. The bolt of fire hits you! You resist.
The searing ray misses Maggie.
The searing ray hits the orc!
You kill the orc!
Vehumet accepts your kill. Maggie misses you.
The searing ray hits Maggie.
Maggie is lightly wounded.
You finish channelling your searing ray.
Maggie barely misses you.
Casting: Searing Ray (safe; 1% risk of failure)
Confirm with . or Enter, or press ? or * to list all spells.
Aiming: Searing Ray (safe; 1% risk of failure)
Press: ? - help, Shift-Dir - straight line, f/p - Maggie
Aim: Maggie, wielding a +2 glaive of distortion and wearing +0 steam dragon scales (lightly wounded, 82% to hit)
The searing ray hits Maggie but does no damage.
Maggie is lightly wounded. (Press . to maintain the ray.) Maggie says, "Leave now, and tell all of Margery's mercy!"
Maggie completely misses you.
The searing ray hits Maggie!
Maggie is moderately wounded.
Maggie hits you from afar with a +2 glaive of distortion!!
* * * LOW HITPOINT WARNING * * *
Space warps around you.
* * * LOW HITPOINT WARNING * * *
Maggie points at you and mumbles some strange words.
The bolt of fire hits you! You resist.
You die...

...
...
..8.
...(.
..)##
#@.##
#.(.#
##.@#
####


You could see Maggie.

Vanquished Creatures
  Sigmund (D:5)
  A wraith (Ossuary)
  Eustachio (D:6)
  A steam dragon (D:5)
  Menkaure (D:6)
  Duvessa (D:6)
  2 orc warriors
  A black bear (D:8)
  A centaur (D:5)
  2 phantoms
  Blork the orc (D:5)
  A kobold brigand (D:7)
  A scorpion (D:5)
  Dowan (D:6)
  4 hounds
  4 jellies
  A gnoll bouda (D:5)
  An iguana (D:4)
  An orc wizard (D:3)
  A mummy (Ossuary)
  5 gnolls (D:5)
  6 adders
  An ufetubus (D:5)
  A worm (D:3)
  3 dart slugs
  25 orcs
  5 endoplasms
  4 giant cockroaches
  16 hobgoblins
  12 jackals
  8 quokkas
  6 ball pythons
  6 bats
  2 frilled lizards
  5 gnoll skeletons (Ossuary)
  4 goblins
  10 kobolds
  5 kobold skeletons (Ossuary)
  15 orc skeletons (Ossuary)
  4 rats
171 creatures vanquished.

Notes
Turn   | Place    | Note
-------+----------+-------------------------------------------
     0 | D:1      | GimliDwarf the Tengu Conjurer began the quest for the Orb.
     0 | D:1      | Reached XP level 1. HP: 10/10 MP: 4/4
     0 | D:1      | Noticed an ogre
     1 | D:1      | Noticed a minotaur
     4 | D:1      | Noticed a human
     6 | D:1      | Noticed a tengu
     8 | D:1      | Noticed a demigod
     9 | D:1      | Noticed a demigod
    11 | D:1      | Noticed a merfolk
    11 | D:1      | Noticed a troll
    13 | D:1      | Noticed a gargoyle
    13 | D:1      | Noticed an octopode
    15 | D:1      | Noticed an octopode
    15 | D:1      | Noticed an octopode
    15 | D:1      | Noticed a vampire
    17 | D:1      | Noticed a human
    17 | D:1      | Noticed a human
    17 | D:1      | Noticed a draconian
    21 | D:1      | Noticed an elf
   652 | D:1      | Reached XP level 2. HP: 15/15 MP: 3/6
   656 | D:1      | Learned a level 2 spell: Searing Ray
   922 | D:1      | Found a faded altar of an unknown god.
  1177 | D:2      | Reached skill level 6 in Conjurations
  1325 | D:2      | Reached XP level 3. HP: 19/19 MP: 5/7
  1493 | D:2      | Reached skill level 1 in Air Magic
  1858 | D:2      | Reached XP level 4. HP: 24/24 MP: 5/8
  2245 | D:2      | Learned a level 3 spell: Dazzling Flash
  2625 | D:3      | Found an ornate altar of the Wu Jian Council.
  2629 | D:3      | Reached skill level 1 in Armour
  3003 | D:3      | Gained mutation: Your magical nature lets you fly swiftly
                  | and evasively. [Tengu growth]
  3003 | D:3      | Reached XP level 5. HP: 28/28 MP: 6/10
  3055 | D:3      | Found an iron altar of Okawaru.
  3229 | D:3      | Reached skill level 7 in Conjurations
  3370 | D:4      | Noticed a phantom
  3488 | D:4      | Reached XP level 6. HP: 32/32 MP: 8/12
  3523 | D:4      | Learned a level 4 spell: Iskenderun's Mystic Blast
  4064 | D:4      | Found a snail-covered altar of Cheibriados.
  4555 | D:5      | Entered Level 5 of the Dungeon
  4569 | D:5      | Noticed a steam dragon
  4580 | D:5      | Killed a steam dragon
  4581 | D:5      | Reached skill level 8 in Conjurations
  4581 | D:5      | Reached XP level 7. HP: 34/36 MP: 1/15
  4723 | D:5      | Reached skill level 1 in Ranged Weapons
  4799 | D:5      | Reached skill level 5 in Spellcasting
  5021 | D:5      | Found a basalt altar of Yredelemnul.
  5071 | D:5      | Noticed Blork the orc
  5085 | D:5      | Killed Blork the orc
  5255 | D:5      | Found a staircase to the Ecumenical Temple.
  5267 | Temple   | Entered the Ecumenical Temple
  5682 | Temple   | Became a worshipper of Vehumet
  5791 | D:5      | Reached XP level 8. HP: 17/42 MP: 10/16
  6047 | D:5      | Noticed Sigmund
  6213 | D:5      | Killed Sigmund
  6214 | D:5      | Reached skill level 1 in Summonings
  6312 | D:5      | Found a white marble altar of Elyvilon.
  6486 | D:6      | Noticed Eustachio
  6544 | D:6      | Found a sand-covered staircase.
  6553 | Ossuary  | Entered an ossuary
  6553 | Ossuary  | Noticed a wraith
  6553 | Ossuary  | Noticed a wraith
  6553 | Ossuary  | Noticed a wraith
  6656 | Ossuary  | Noticed a wraith
  6678 | Ossuary  | Killed a wraith
  6679 | Ossuary  | Reached skill level 1 in Fighting
  6679 | Ossuary  | Reached skill level 9 in Conjurations
  6917 | D:6      | Noticed Duvessa
  6917 | D:6      | Noticed Dowan
  6923 | D:6      | Killed Dowan
  6924 | D:6      | Killed Duvessa
  6971 | D:6      | Reached skill level 5 in Ranged Weapons
  6975 | D:6      | Reached * piety under Vehumet
  6975 | D:6      | Offered knowledge of Shock by Vehumet.
  7086 | D:6      | Noticed Menkaure
  7173 | D:6      | Killed Menkaure
  7174 | D:6      | Reached XP level 9. HP: 47/47 MP: 9/18
  7234 | D:6      | Found the +10 Black Knight's barding {ponderous, rPois rN+}
  7327 | D:6      | Killed Eustachio
  7399 | D:6      | You are sucked into a shaft and drop 3 floors!
  7689 | D:7      | Noticed Maggie
  7762 | D:7      | Killed from afar by Maggie

Illustrated notes

Levels and vault maps discovered:
D:1:      shiori_arrival_whats_in_store_for_you, layout_loops_ring,
          hellmonk_ecumenical_altar_arch_garden
D:2:      layout_basic, minmay_tromino_v2
D:3:      layout_basic, nicolae_wu_jian_immortal_techniques,
          nicolae_overflow_crystal_walls
D:4:      layout_cave_pools, mainiacjoe_overflow_paths,
          eino_small_chamber_without_monster, minmay_misc_feat_chi, st_stairs_1
D:5:      layout_loops_ring, kennysheep_ying_yang, temple_hall,
          grunt_ministairs_5, dk_noncrumbling_2, uniq_sigmund,
          uniq_blork_the_orc
D:6:      layout_basic, mainiacjoe_overflow_surrounded_room, enter_ossuary_1,
          uniq_duvessa, uniq_eustachio, uniq_menkaure
D:7:      layout_rooms, lightli_bailey_entry_fortress, grunt_ministairs_6,
          minmay_manual_maat, uniq_maggie
D:8:      nicolae_cairo_tiling_large_dashed, layout_basic, lemuel_round_altar,
          nicolae_tso_swordbearing_angel, uniq_joseph
D:9:      layout_long_grid, nzn_hepliaklqana_mist_gate,
          mainiacjoe_overflow_tiny_flanked, david_orc_3
Temple:   grunt_temple_mini_profane

Skill      XL: |  1  2  3  4  5  6  7  8  9 |
---------------+----------------------------+-----
Conjurations   | 6 7 8 9 |  9.4
Air Magic      | 1 2 3 |  3.2
Armour         | 1 2 3 |  3.8
Spellcasting   | 3 4 5 6 |  6.0
Ranged Weapons | 1 5 6 |  6.4
Summonings     | 2 |  2.8
Fighting       | 1 |  1.6
Short Blades   | |  0.9
Dodging        | |  2.1
Stealth        | |  2.0

Action                     |  1- 3 |  4- 6 |  7- 9 || total
---------------------------+-------+-------+-------++-------
  Melee: Short sword       |    17 |       |       ||    17
         Kick              |     4 |     3 |       ||     7
         Peck              |     3 |     3 |       ||     6
         Dagger            |     3 |    15 |       ||    18
   Fire: Sling             |       |    10 |   100 ||   110
   Cast: Magic Dart        |    50 |    50 |     2 ||   102
         Searing Ray       |    10 |    29 |    45 ||    84
         Iskenderun's Myst |       |       |     1 ||     1
    Use: Scroll            |       |     2 |    20 ||    22
         Potion            |       |       |     1 ||     1
 Armour: Robe              |     7 |     6 |     5 ||    18
  Dodge: Dodged            |    28 |    50 |    55 ||   133
